 Dungeon Crawl Stone Soup version 0.28.0 (webtiles) character file.

Game seed: 5767729398344806000

42 Gabide the Ducker (level 3, -2/29 HPs)
             Began as a Human Monk on Feb 14, 2022.
             Killed from afar by Sigmund (10 damage)
             ... with a puff of flame
             ... on level 2 of the Dungeon.
             The game lasted 00:01:15 (655 turns).

Gabide the Ducker (Human Monk)                       Turns: 655, Time: 00:01:16

Health: -2/29      AC:  2    Str: 11    XL:     3   Next: 80%
Magic:  3/3        EV: 13    Int: 10    God:
Gold:   14         SH:  0    Dex: 17    Spells: 2/2 levels left

rFire   . . .      SeeInvis .   a - +0 spear
rCold   . . .      Faith    .   (no shield)
rNeg    . . .      Spirit   .   b - +0 robe
rPois   .          Reflect  .   (no helmet)
rElec   .          Harm     .   (no cloak)
rCorr   .          Rampage  .   (no gloves)
Will    .....                   (no boots)
Stlth   ++........              j - amulet of the acrobat
HPRegen 0.09/turn               (no ring)
MPRegen 0.08/turn               (no ring)

@: mighty, hasted, very quick
A: no striking features
a: no special abilities


You were on level 2 of the Dungeon.
You visited 1 branch of the dungeon, and saw 2 of its levels.

You collected 14 gold pieces.

Inventory:

Hand Weapons
 a - a +0 spear (weapon)
 f - a +4 whip
Armour
 b - a +0 robe (worn)
Jewellery
 j - an amulet of the acrobat (around neck)
Scrolls
 c - a scroll of immolation {unknown}
 d - 2 scrolls of identify {unknown}
 e - a scroll of fog {unknown}
 g - a scroll of blinking {unknown}


   Skills:
 + Level 3.2 Fighting
 + Level 3.4 Polearms
 * Level 3.7 Dodging
 + Level 2.3 Stealth


You had 2 spell levels left.
You didn't know any spells.
Your spell library contained the following spells:

 Spells                   Type           Power      Damage    Failure   Level
 Sandblast                Erth           0%         2d4       36%         1
 Passwall                 Tmut/Erth      0%         N/A       50%         2
 Stone Arrow              Conj/Erth      0%         3d7       75%         3


Dungeon Overview and Level Annotations

Branches:
Dungeon (1/15)

Altars:

Annotations:
D:2 Sigmund


Message History

You hit the adder.
The adder is almost dead.
The adder bites you but does no damage.
You miss the adder.
The adder is almost dead.
The adder bites you.
You are poisoned.
The adder poisons you! Sigmund misses you.
You closely miss the adder.
The adder is almost dead.
You feel sick. The adder closely misses you.
You hit the adder.
You kill the adder!
You feel sick. Sigmund barely misses you.
It was a potion of might.
You feel very mighty all of a sudden.
You feel sick. Sigmund completely misses you.
It was a potion of haste.
You feel yourself speed up.
You feel sick.
You are no longer poisoned.
Reach: a) +0 spear
Press: ? - help, Dir - move target, f - Sigmund
Aim: Sigmund, wielding a +0 scythe and wearing a +0 robe (unusually resistant, about 39% to evade your +0 spear)
You reach to attack!
You hit Sigmund.
Sigmund is lightly wounded.
Sigmund hits you from afar with a +0 scythe.
* * * LOW HITPOINT WARNING * * *
Reach: a) +0 spear
Press: ? - help, Dir - move target, f/p - Sigmund
Aim: Sigmund, wielding a +0 scythe and wearing a +0 robe (lightly wounded, unusually resistant, about 39% to evade your +0 spear)
You reach to attack!
You closely miss Sigmund.
Sigmund is lightly wounded.
Unknown command.
Reach: a) +0 spear
Press: ? - help, Dir - move target, f/p - Sigmund
Aim: Sigmund, wielding a +0 scythe and wearing a +0 robe (lightly wounded, unusually resistant, about 39% to evade your +0 spear)
You reach to attack!
You puncture Sigmund!
Sigmund is heavily wounded.
Sigmund casts a spell at you. The puff of flame hits you!
You die...

### #.. ######## #.#
###......## #.#
#.........# #.#
.###.†.......# #@#
.#...........# #.#
...#.........###@#####
........####.........# #
$$≈.#.#.# #.###.###.#.#
≈_≈.#.#.####.#..........
≈$≈...@...†.............
....########.#.#.....#.#
..### #.#.#.......#


You could see Sigmund (resistant).

Vanquished Creatures
  2 adders (D:2)
  2 ball pythons (D:1)
  2 endoplasms
  A giant cockroach (D:2)
  A goblin (D:1)
  3 hobgoblins (D:1)
  A quokka (D:1)
  A bat (D:1)
  8 frilled lizards (D:1)
  3 kobolds (D:1)
  4 rats
28 creatures vanquished.

Notes
Turn   | Place    | Note
-------+----------+-------------------------------------------
     0 | D:1      | Gabide the Human Monk began the quest for the Orb.
     0 | D:1      | Reached XP level 1. HP: 18/18 MP: 1/1
   272 | D:1      | Reached XP level 2. HP: 24/24 MP: 2/2
   549 | D:1      | Reached XP level 3. HP: 29/29 MP: 3/3
   566 | D:1      | You fall into a shaft and drop 1 floor!
   607 | D:2      | Found a faded altar of an unknown god.
   624 | D:2      | Noticed Sigmund
   655 | D:2      | Killed from afar by Sigmund

Illustrated notes

Levels and vault maps discovered:
D:1:      ebering_trefoil_3fold, layout_loops_ring, minmay_lizard_pond
D:2:      layout_basic, hellmonk_ecumenical_altar_pennies_from_heaven,
          uniq_sigmund

Action                   || total
-------------------------++-------
Melee: Spear             ||    78
       Punch             ||     1
  Use: Potion            ||     2
 Stab: Sleeping          ||     2
Armor: Robe              ||     7
Dodge: Dodged            ||    34
